 Dungeon Crawl Stone Soup version 0.26.0-16-gc1dbca0489 (webtiles) character file.

Game seed: 12329261952189691403

120 kaeus the Ruffian (level 5, -5/46 HPs)
             Began as a Ghoul Monk on Jan 20, 2021.
             Killed from afar by Sigmund (7 damage)
             ... with a magic dart
             ... on level 3 of the Dungeon.
             The game lasted 00:03:20 (2129 turns).

kaeus the Ruffian (Ghoul Monk)                      Turns: 2129, Time: 00:03:21

Health: -5/46      AC:  9    Str: 16    XL:     5   Next: 4%
Magic:  13/13      EV:  7    Int:  5    God:
Gold:   106        SH:  0    Dex: 11    Spells: 4/4 levels left

rFire    . . .     SeeInvis .     - Unarmed
rCold    + . .     Faith    .   (no shield)
rNeg     + + +     Spirit   .   b - +0 chain mail
rPois    ∞         Reflect  .   (no helmet)
rElec    .         Harm     .   j - +0 cloak
rCorr    .         Rampage  .   (no gloves)
Will     .....                  (no boots)
Stlth    ..........             (no amulet)
HPRegen  0.00/turn              e - ring of magical power
MPRegen  0.13/turn              (no ring)

@: brilliant
A: claws 1, cold resistance 1, negative energy resistance 3, inhibited
regeneration, torment resistance, unbreathing
a: no special abilities


You were on level 3 of the Dungeon.
You visited 1 branch of the dungeon, and saw 3 of its levels.

You collected 106 gold pieces.

Inventory:

Armour
 b - a +0 chain mail (worn)
 j - a +0 cloak (worn)
Jewellery
 e - a ring of magical power (left claw)
Scrolls
 a - a scroll of noise {unknown}
 c - a scroll of amnesia {unknown}
 d - 2 scrolls of identify {unknown}
 f - a scroll of remove curse {unknown}
 h - a scroll of random uselessness {unknown}
 i - 2 scrolls of immolation {unknown}
 k - a scroll of fog {unknown}


   Skills:
 + Level 4.1 Fighting
 + Level 3.4 Dodging
 + Level 3.5 Stealth
 + Level 4.1 Unarmed Combat


You had 4 spell levels left.
You didn't know any spells.
Your spell library was empty.

Dungeon Overview and Level Annotations

Branches:
Dungeon (3/15)

Altars:

Annotations:
D:3 Sigmund


Innate Abilities, Weirdness & Mutations

You thrive by killing the living.
You are immune to poison.
You have sharp fingernails.
Your flesh is cold resistant. (rC+)
You are immune to negative energy. (rN+++)
You do not regenerate when monsters are visible.
You are immune to unholy pain and torment.
You can survive without breathing.


Message History

Deactivating autopickup; reactivate with Ctrl-A.
It was a potion of brilliance.
You feel clever all of a sudden. Something hits you but does no damage.
You claw something!
You hear some strange, mumbled words.
A puff of flame appears from out of thin air!
The puff of flame hits you.
* * * LOW HITPOINT WARNING * * *
You miss something. Something hits you.
* * * LOW HITPOINT WARNING * * *
A magic dart appears from out of thin air!
The magic dart hits you.
* * * LOW HITPOINT WARNING * * *
A puff of flame appears from out of thin air!
The puff of flame hits you.
* * * LOW HITPOINT WARNING * * *
A magic dart appears from out of thin air!
The magic dart hits you!
You die...

#.#####
#.......##
#+#
#.###....##
#. #.....#
#.####...##
#.......##
####...##.#
+.......#.#
####...##.#
##@###.#
##....#
#.....#
#.....#
#.....#
##.{.##
##.## #.#
#.#


There were no monsters in sight!

Vanquished Creatures
  A hound (D:2)
  3 adders (D:2)
  An ooze (D:2)
  4 worms (D:2)
  2 dart slugs
  5 bats
  2 giant cockroaches
  6 goblins
  4 hobgoblins
  8 kobolds
  A ball python (D:2)
  2 frilled lizards
  4 rats
43 creatures vanquished.

Notes
Turn   | Place    | Note
-------+----------+-------------------------------------------
     0 | D:1      | kaeus the Ghoul Monk began the quest for the Orb.
     0 | D:1      | Reached XP level 1. HP: 19/19 MP: 0/0
   125 | D:1      | Reached XP level 2. HP: 26/26 MP: 1/1
   839 | D:2      | Reached XP level 3. HP: 21/31 MP: 2/2
   922 | D:2      | Reached XP level 4. HP: 27/40 MP: 3/3
  1948 | D:2      | Reached XP level 5. HP: 46/46 MP: 4/4
  2106 | D:3      | Noticed Sigmund
  2128 | D:3      | HP: 2/46 [something/puff of flame (1)]
  2129 | D:3      | Killed from afar by Sigmund

Illustrated notes

Levels and vault maps discovered:
D:1:      dpeg_arrival_round_a, layout_loops_ring, corexii_leaking_fountain,
          minivault_24
D:2:      layout_basic
D:3:      layout_loops_corners, nicolae_overflow_crystal_walls,
          minmay_randomly_rotated_circles, uniq_sigmund

Skill      XL: |  1  2  3  4 |
---------------+-------------+-----
Dodging        | 3 |  3.4
Stealth        | 3 |  3.5
Fighting       | 4 |  4.1
Unarmed Combat | 4 |  4.1

Action                   |  1- 3 |  4- 6 || total
-------------------------+-------+-------++-------
Melee: Unarmed           |    76 |    97 ||   173
       Punch             |       |     1 ||     1
  Use: Potion            |       |     1 ||     1
 Stab: Distracted        |     1 |       ||     1
Armor: Robe              |     4 |       ||     4
       Chain mail        |    41 |    43 ||    84
Dodge: Dodged            |    36 |    29 ||    65
